 Dungeon Crawl Stone Soup version 0.28.0-53-g5a82cb258f (webtiles) character file.

Game seed: 17823897965899781415

153 hawla the Conjurer (level 5, -3/57 HPs)
             Began as a Draconian Conjurer on June 22, 2022.
             Slain by a phantom (6 damage)
             ... on level 4 of the Dungeon.
             The game lasted 00:13:23 (3729 turns).

hawla the Conjurer (Draconian Conjurer)             Turns: 3729, Time: 00:13:24

Health: -3/57      AC: 22    Str: 10    XL:     5   Next: 12%
Magic:  1/8        EV:  2    Int: 20    God:
Gold:   57         SH:  3    Dex:  9    Spells: 2/9 levels left

rFire   . . .      SeeInvis .   g - +2 dagger (venom)
rCold   . . .      Faith    .   c - +0 buckler
rNeg    . . .      Spirit   .   (armour unavailable)
rPois   +          Reflect  .   (helmet currently unavailable)
rElec   .          Harm     .   (cloak currently unavailable)
rCorr   .          Rampage  .   (gloves currently unavailable)
Will    .....      NoTele   +   (boots currently unavailable)
Stlth   ++........              j - amulet of magic regeneration
HPRegen 0.19/turn               (no ring)
MPRegen 0.51/turn               (no ring)

@: tree-form
A: stationary, stasis, torment immunity, boosted hp, AC +5, unfitting armour,
(cold-blooded)
a: no special abilities


You were on level 4 of the Dungeon.
You were a tree.
You visited 1 branch of the dungeon, and saw 5 of its levels.

You collected 57 gold pieces.

Inventory:

Hand Weapons
 d - a +1 short sword of protection
 g - a +2 dagger of venom (weapon)
Missiles
 a - 3 boomerangs
 e - 5 poisoned darts (quivered)
Armour
 b - a +0 pair of gloves (melded)
 c - a +0 buckler (worn)
Jewellery
 j - an amulet of magic regeneration (around neck)
Wands
 f - a wand of mindburst (18)


   Skills:
 - Level 2.2 Dodging
 - Level 2.0 Stealth
 - Level 2.6 Spellcasting
 * Level 5.6 Conjurations
 * Level 1.1 Translocations


You had 2 spell levels left.
You knew the following spells:

 Your Spells              Type           Power      Damage    Failure   Level
a - Magic Dart            Conj           100%       1d8       1%          1
b - Searing Ray           Conj           50%        2d6       3%          2
c - Iskenderun's Mystic   Conj/Tloc      16%        2d5       45%         4

Your spell library contained the following spells:

 Spells                   Type           Power      Damage    Failure   Level
 Dazzling Flash           Conj/Hex       26%        N/A       19%         3
 Mephitic Cloud           Conj/Pois/Air  10%        N/A       28%         3
 Ignite Poison            Fire/Tmut/Pois 2%         N/A       52%         3
 Fulminant Prism          Conj/Hex       6%         3d7       54%         4
 Freezing Cloud           Conj/Ice/Air   5%         6-21      95%         5


Dungeon Overview and Level Annotations

Branches:
Dungeon (5/15)
 Temple: D:4-7

Altars:

Shops:
D:3 [::[

Annotations:
D:4 Terence


Innate Abilities, Weirdness & Mutations

You are a tree.
Your roots penetrate the ground, keeping you stationary.
You cannot be teleported.
You are immune to unholy pain and torment.
Your maximum health is greatly increased.
Your equipment is partially melded.
((Your plain brown scales are hard. (AC +5)))
You cannot fit into any form of body armour.
((You are cold-blooded and may be slowed by cold attacks.))


Message History

The magic dart hits the phantom.
The phantom is heavily damaged.
Casting: Magic Dart (safe; 1% risk of failure)
Confirm with . or Enter, or press ? or * to list all spells.
Aiming: Magic Dart (safe; 1% risk of failure)
Press: ? - help, Shift-Dir - straight line, f/p - phantom
Aim: a phantom (heavily damaged, 100% to hit)
The magic dart hits the phantom.
The phantom is heavily damaged.
The hobgoblin hits you but does no damage.
You barely miss the hobgoblin.
The hobgoblin is severely wounded.
You block the phantom's attack. The hobgoblin hits you.
* * * LOW HITPOINT WARNING * * *
Casting: Magic Dart (safe; 1% risk of failure)
Confirm with . or Enter, or press ? or * to list all spells.
Aiming: Magic Dart (safe; 1% risk of failure)
Press: ? - help, Shift-Dir - straight line, f/p - phantom
Aim: a phantom (heavily damaged, 100% to hit)
The magic dart hits the phantom.
The phantom is heavily damaged.
The phantom hits you but does no damage.
The hobgoblin barely misses you.
You closely miss the hobgoblin.
The hobgoblin is severely wounded.
The phantom hits you but does no damage.
The hobgoblin hits you but does no damage.
Casting: Magic Dart (safe; 1% risk of failure)
Confirm with . or Enter, or press ? or * to list all spells.
Aiming: Magic Dart (safe; 1% risk of failure)
Press: ? - help, Shift-Dir - straight line, f/p - phantom
Aim: a phantom (heavily damaged, 100% to hit)
The magic dart hits the phantom but does no damage.
The phantom is heavily damaged.
The hobgoblin hits you but does no damage.
The phantom hits you but does no damage.
You closely miss the hobgoblin.
The hobgoblin is severely wounded.
The phantom hits you.
You die...

####### #.....# #.....# #.....#
#..)..# ########.....#####
#######......<.)♣....... ###+#
...............g.W...... #.<..
......>................. +....
........................ #....
........................ #....
........................ ##...
.####'#......########'########...
.# ...#......'............#......
.'....#......#..?.........#......


You could see a phantom and a hobgoblin.

Vanquished Creatures
  A scorpion (D:4)
  2 adders (D:2)
  A worm (D:3)
  A dart slug (D:1)
  An orc (D:3)
  7 endoplasms
  5 giant cockroaches
  6 goblins
  11 hobgoblins
  5 kobolds
  2 quokkas
  5 ball pythons
  5 bats
  8 frilled lizards
  5 rats
  A spectral hobgoblin (D:1)
66 creatures vanquished.

Notes
Turn   | Place    | Note
-------+----------+-------------------------------------------
     0 | D:1      | hawla the Draconian Conjurer began the quest for the Orb.
     0 | D:1      | Reached XP level 1. HP: 14/14 MP: 3/3
   200 | D:1      | Found a faded altar of an unknown god.
   429 | D:1      | Reached XP level 2. HP: 18/20 MP: 1/5
   596 | D:1      | Learned a level 2 spell: Searing Ray
  1109 | D:1      | Reached XP level 3. HP: 26/26 MP: 0/6
  2287 | D:2      | Reached skill level 5 in Conjurations
  2287 | D:2      | Reached XP level 4. HP: 29/33 MP: 7/7
  2292 | D:2      | Learned a level 4 spell: Iskenderun's Mystic Blast
  2477 | D:3      | Found Iradivez's Book Boutique.
  2591 | D:3      | Found Cino's Armour Emporium.
  2605 | D:3      | Found Atin Qai's Book Shop.
  2775 | D:3      | Found Mehiost's Armour Shop.
  2794 | D:3      | Noticed Terence
  3293 | D:4      | Noticed a phantom
  3296 | D:5      | Entered Level 5 of the Dungeon
  3676 | D:4      | Noticed a scorpion
  3710 | D:4      | Killed a scorpion
  3711 | D:4      | Reached skill level 1 in Translocations
  3711 | D:4      | Reached XP level 5. HP: 18/38 MP: 0/8
  3725 | D:4      | HP: 2/57 [hobgoblin (2)]
  3729 | D:4      | Slain by a phantom

Illustrated notes

Levels and vault maps discovered:
D:1:      dpeg_arrival_snail, layout_loops_ring,
          dreamdust_ecumenical_altar_drowned_temple
D:2:      layout_rooms
D:3:      layout_loops_corners, serial_shops, nicolae_square_shop,
          nicolae_shop_statue_plus, shop, nicolae_shop_stone, uniq_terence
D:4:      layout_gridville, minmay_temple_entry_enclosed_plants,
          guppyfry_early_orc_mine
D:5:      layout_loops_cross

Skill      XL: |  1  2  3  4 |
---------------+-------------+-----
Dodging        | 2 |  2.2
Stealth        | 2 |  2.0
Conjurations   | 5 |  5.6
Translocations | 1 |  1.1
Spellcasting   | |  2.6

Action                   |  1- 3 |  4- 6 || total
-------------------------+-------+-------++-------
Melee: Unarmed           |    29 |       ||    29
       Tailslap          |     6 |     2 ||     8
       Short sword       |     6 |       ||     6
       Dagger            |       |    29 ||    29
 Cast: Magic Dart        |    52 |    23 ||    75
       Searing Ray       |    18 |     2 ||    20
       Iskenderun's Myst |       |     3 ||     3
Evoke: Wand              |       |     2 ||     2
  Use: Scroll            |     3 |     4 ||     7
       Potion            |       |     3 ||     3
 Stab: Sleeping          |     1 |       ||     1
Armor: Skin              |    14 |    32 ||    46
Dodge: Dodged            |    28 |    25 ||    53
Block: Buckler           |       |     4 ||     4
